Map: Abiogenesis LE

Players

IllIIIllIIIl

  • Race: Protoss Protoss
  • Spawn Location: 11:00

A.I. 1 (Very Easy) - Winner!

  • Race: Protoss Protoss
  • Spawn Location: 5:00

VOD

Have the link to the VOD?

Description

Time

  • Played on: Feb. 5, 2018, 9:49 a.m.
  • Length: 6:09
Show
View Real Time Build Order
Export as new Build Order

IllIIIllIIIl Protoss 

Build Orders: Phoenix Opening 

Get SALT Encoding   

  12  0:00  Probe  
  13  0:13  Probe  
  14  0:17  Pylon  
  14  0:25  Probe (Chrono Boost)  
  15  0:37  Probe (Chrono Boost)  
  15  0:39  Gateway  
  16  0:43  Probe (Chrono Boost)  
  16  0:47  Assimilator  
  17  0:51  Probe (Chrono Boost)  
  18  0:58  Assimilator  
  18  1:03  Probe (Chrono Boost)  
  19  1:12  Gateway  
  19  1:14  Probe (Chrono Boost)  
  20  1:24  Probe  
  21  1:27  Cybernetics Core  
  21  1:36  Probe  
  22  1:42  Pylon  
  22  1:48  Probe  
  23  2:05  Adept x2  
  27  2:09  Warp Gate  
  27  2:18  Stargate  
  27  2:22  Probe  
  28  2:32  Pylon  
  28  2:39  Stalker  
  30  2:50  Stalker  
  32  3:08  Nexus  
  32  3:13  Phoenix (Chrono Boost)  
  32  3:17  Probe  
  33  3:29  Phoenix (Chrono Boost)  
  33  3:32  Probe  
  34  3:44  Probe  
  35  3:48  Phoenix (Chrono Boost)  
  37  3:56  Probe  
  38  4:06  Assimilator  
  38  4:08  Probe  
  39  4:18  Stargate  
  39  4:20  Phoenix (Chrono Boost)  
  41  4:26  Pylon  
  41  4:29  Probe x2  
  43  4:35  Assimilator  
  43  4:40  Phoenix (Chrono Boost)  
  43  4:41  Probe x2  
  47  4:53  Probe x2  
  49  5:01  Phoenix (Chrono Boost)  
  49  5:05  Probe  
  49  5:06  Probe  
  53  5:11  Phoenix (Chrono Boost)  
  55  5:20  Probe x2  
  59  5:23  Phoenix (Chrono Boost)  
  59  5:26  Pylon  
  59  5:32  Probe  
  60  5:38  Phoenix  
  62  5:45  Pylon  
  62  5:46  Probe x2  
Show
View Real Time Build Order
Export as new Build Order

A.I. 1 (Very Easy) Protoss - Winner!

Build Orders:  

Get SALT Encoding   

  12  0:00  Probe  
  13  0:13  Probe  
  14  0:19  Pylon  
  14  0:36  Assimilator  
  14  0:42  Gateway  
  14  0:46  Pylon  
  14  1:15  Assimilator  
  14  1:29  Probe  
  14  1:31  Zealot  
  17  1:33  Cybernetics Core  
  17  1:41  Probe  
  18  1:53  Probe  
  19  2:05  Probe  
  20  2:09  Warp Gate  
  20  2:17  Probe  
  21  2:29  Probe  
  22  2:39  Stalker  
  24  3:08  Probe  
  24  3:09  Stalker  
  24  3:10  Pylon  
  21  3:21  Probe  
  21  3:33  Probe  
  22  3:39  Zealot  
  24  3:45  Probe  
  25  3:57  Probe  
  26  4:09  Probe  
  27  4:21  Probe  
  28  5:00  Stalker  
  28  5:03  Probe  
  28  5:04  Pylon  
  28  5:15  Probe  
  29  5:27  Probe  
  29  5:29  Zealot  
  27  5:39  Probe  
  27  5:52  Probe  
  25  5:57  Stalker  
Tags
 
Matchup
PvP
Spawn Locations
Cross Positions
Add a new tag
Caveats
  • Supply blocks, unpowered buildings, or Contaminate may cause inaccurate times.
  • Supply counts are checked every 10 seconds.